 Dungeon Crawl Stone Soup version 0.26-a0-291-g3d11bbfad5 (webtiles) character file.

Game seed: 14264173324692841130

34652 Infinimo the Brawler (level 13, -2/133 HPs)
             Began as a Troll Monk on July 13, 2020.
             Was the Champion of Okawaru.
             Slain by a black mamba (9 damage)
             ... on level 6 of the Lair of Beasts.
             The game lasted 00:22:49 (13846 turns).

Infinimo the Brawler (Troll Monk)                  Turns: 13846, Time: 00:22:50

Health: -2/133     AC: 10    Str: 22    XL:     13   Next: 43%
Magic:  12/12      EV: 21    Int:  6    God:    Okawaru [******]
Gold:   943        SH:  0    Dex: 16    Spells: 12/12 levels left

rFire    + . .     SeeInvis .     - Unarmed
rCold    + + .     Faith    +   (no shield)
rNeg     . . .     Spirit   .   g - +0 steam dragon scales
rPois    .         Reflect  .   O - +1 hat
rElec    .         Harm     .   M - scarf {rC+ rF+}
rCorr    .                      (gloves unavailable)
MR       .....                  (boots unavailable)
Stlth    ++........             E - amulet of faith
HPRegen  0.72/turn              r - ring of protection from cold
MPRegen  0.13/turn              w - +4 ring of evasion

@: no status effects
A: large, unfitting armour, claws 3, regeneration 1, shaggy fur 1, tough skin 3
a: Heroism, Finesse, Renounce Religion


You were on level 6 of the Lair of Beasts.
You worshipped Okawaru.
Okawaru was exalted by your worship.
You visited 3 branches of the dungeon, and saw 17 of its levels.

You collected 943 gold pieces.

Inventory:

Armour
 g - +0 steam dragon scales (worn)
 M - a scarf of resistance (worn)
 O - a +1 hat (worn)
Jewellery
 f - an uncursed amulet of regeneration
 o - an uncursed ring of resist corrosion
 q - an uncursed amulet of reflection {unknown}
 r - a ring of protection from cold (left claw)
 s - an uncursed ring of protection from magic
 w - a +4 ring of evasion (right claw)
 E - an amulet of faith (around neck)
 J - an uncursed ring of positive energy {unknown}
 K - an uncursed ring of protection from magic
 N - an uncursed ring of flight {unknown}
Scrolls
 a - a scroll of immolation
 b - 5 scrolls of identify
 c - 3 scrolls of blinking
 j - 13 scrolls of remove curse
 m - 4 scrolls of fear
 n - 12 scrolls of teleportation
 p - 3 scrolls of amnesia
 v - 3 scrolls of magic mapping
 B - 2 scrolls of enchant weapon
 D - 2 scrolls of fog
 I - 2 scrolls of random uselessness
 L - a scroll of summoning {unknown}
Potions
 d - 7 potions of curing
 e - 2 potions of might
 h - 4 potions of flight
 i - a potion of lignification
 k - 4 potions of degeneration
 l - 6 potions of heal wounds
 t - a potion of invisibility
 u - 2 potions of cancellation
 x - 3 potions of ambrosia
 z - 6 potions of magic
 A - 5 potions of brilliance
 C - 3 potions of stabbing
 F - a potion of resistance
 G - 2 potions of haste {unknown}
 H - 2 potions of mutation {unknown}


   Skills:
 + Level 10.2 Fighting
 + Level 10.2 Dodging
 - Level 1.0 Stealth
 * Level 15.9 Unarmed Combat


You had 12 spell levels left.
You didn't know any spells.
Your spell library contained the following spells:

 Spells                   Type           Power        Failure   Level
 Corona                   Hex            #......      45%         1
 Freeze                   Ice            #...         45%         1
 Ensorcelled Hibernation  Hex/Ice        #.....       58%         2
 Poisonous Vapours        Pois/Air       #.....       58%         2
 Confusing Touch          Hex            #.......     83%         3
 Conjure Flame            Conj/Fire      #.......     83%         3
 Dazzling Flash           Conj/Hex       #.....       83%         3
 Frozen Ramparts          Ice            #.....       83%         3
 Mephitic Cloud           Conj/Pois/Air  #.......     83%         3
 Ozocubu's Armour         Chrm/Ice       #.......     83%         3
 Tukima's Dance           Hex            #.......     83%         3
 Hailstorm                Conj/Ice       #.......     99%         4
 Summon Ice Beast         Ice/Summ       #.......     99%         4
 Freezing Cloud           Conj/Ice/Air   #.........   100%        6
 Ring of Flames           Chrm/Fire      #.........   100%        7


Dungeon Overview and Level Annotations

Branches:
Dungeon (10/15)            Temple (1/1) D:5            Lair (6/6) D:8
  Swamp (0/4) Lair:2       Spider (0/4) Lair:2          Orc (0/2) D:10
  Slime: Lair:5-6

Altars:
Ashenzari
Cheibriados
Dithmenos
Elyvilon
Fedhas
Gozag
Hepliaklqana
Kikubaaqudgha
Makhleb
Nemelex Xobeh
Okawaru
Qazlal
Ru
Sif Muna
Trog
Uskayaw
Vehumet
Wu Jian
Xom
Yredelemnul
Zin
The Shining One

Shops:
D:5 (   D:7 *

Annotations:
Lair:2 3 runed translucent doors, Infinimo's ghost, journeyman TrBe


Innate Abilities, Weirdness & Mutations

You are too large for most types of armour.
You have claws for hands.
Your natural rate of healing is unusually fast.
You are covered in fur. (AC +1)
You have extremely tough skin. (AC +3)


Message History

You claw the catoblepas!
The catoblepas is moderately wounded.
The catoblepas gores you!!
A water moccasin comes into view.
The water moccasin hisses angrily.
You claw the water moccasin!
The water moccasin is moderately wounded.
The komodo dragon bites you!! The water moccasin bites you.
The catoblepas gores you!
A five-headed hydra comes into view.
The seven-headed hydra bites you! x2
* * * LOW HITPOINT WARNING * * *
The seven-headed hydra bites you.
* * * LOW HITPOINT WARNING * * *
The seven-headed hydra bites you.
* * * LOW HITPOINT WARNING * * *
The seven-headed hydra bites you!
* * * LOW HITPOINT WARNING * * *
The black mamba bites you!
You die...

#............ .
(............ ..
...........# ...
.♣...♣...##
....♣...P.♣..P#
.....P♣.♣.....#
.......<......# ##
......♣.♣...SD##.#
....♣.P...♣FYlS@.#
.....♣...♣..#..S.......
P..........lkF.........
...}.........?.........
.......#...P....)......
..........D.......#..#.
......$#..............
.............P........
..............


You could see a catoblepas, a seven-headed hydra, a five-headed hydra, 2 komodo
dragons, a black mamba, 2 cane toads, a rime drake and 2 water moccasins.

Vanquished Creatures
  2 hydras (Lair:4)
  2 catoblepae
  A two-headed ogre (D:10)
  2 death yaks
  Nergalle (Lair:1)
  An unseen horror (D:10)
  Pikel (D:9)
  Psyche (D:10)
  8 elephants
  5 black mambas
  A torpor snail (Lair:4)
  Maggie (Lair:1)
  2 cane toads
  2 rime drakes (Lair:4)
  9 komodo dragons
  A troll (D:9)
  7 hippogriffs
  8 blink frogs
  26 yaks
  11 wyverns
  5 basilisks
  Grum (Lair:1)
  3 steam dragons (D:8)
  A swamp worm (Lair:2)
  4 wargs (D:8)
  A hell hound (Lair:4)
  14 water moccasins
  10 porcupines
  Duvessa (D:4)
  An ice beast (D:10)
  3 black bears
  2 orc warriors (D:10)
  A sky beast (D:9)
  A phantom (D:6)
  2 centaurs (D:10)
  An eye of draining (D:10)
  25 wolves
  8 ogres
  A lemure (D:9)
  5 crocodiles
  19 bullfrogs
  Dowan (D:4)
  A water moccasin zombie (D:8)
  3 scorpions
  5 wights (D:10)
  2 electric eels (Lair:3)
  2 howler monkeys
  A bullfrog zombie (D:7)
  2 jellies
  4 hounds
  11 orc priests
  2 bullfrog skeletons
  3 iguanas
  12 orc wizards
  11 worker ants
  A killer bee zombie (D:6)
  A hound skeleton (D:9)
  3 worker ant zombies
  15 adders
  A shadow imp (D:10)
  2 ufetubi (D:8)
  An ooze (D:7)
  An adder skeleton (D:3)
  2 adder zombies (D:8)
  4 worms
  2 dart slugs
  7 leopard geckos
  42 orcs
  13 bats
  7 giant cockroaches
  9 goblins
  11 hobgoblins
  14 jackals
  4 quokkas
  A ball python (D:4)
  8 frilled lizards
  7 kobolds
  2 leopard gecko skeletons
  10 rats
  A fungus (Lair:4)
430 creatures vanquished.

Vanquished Creatures (others)
  A hippogriff (Lair:4)
  2 fungi (Lair:4)
  8 plants
  7 toadstools (Lair:4)
18 creatures vanquished.

Grand Total: 448 creatures vanquished

Notes
Turn   | Place    | Note
-------+----------+-------------------------------------------
     0 | D:1      | Infinimo the Troll Monk began the quest for the Orb.
     0 | D:1      | Reached XP level 1. HP: 22/22 MP: 0/0
   117 | D:1      | Reached XP level 2. HP: 29/29 MP: 1/1
   631 | D:1      | Reached XP level 3. HP: 36/36 MP: 2/2
   835 | D:2      | Reached skill level 4 in Unarmed Combat
   894 | D:2      | Reached XP level 4. HP: 44/44 MP: 3/3
  1437 | D:3      | Reached XP level 5. HP: 53/53 MP: 4/4
  1510 | D:3      | Found a sacrificial altar of Ru.
  1757 | D:4      | Reached skill level 5 in Unarmed Combat
  1909 | D:4      | Noticed an ogre
  1913 | D:4      | Killed an ogre
  1913 | D:4      | Reached XP level 6. HP: 46/61 MP: 5/5
  2059 | D:4      | Reached skill level 6 in Unarmed Combat
  2059 | D:4      | Reached XP level 7. HP: 68/68 MP: 6/6
  2070 | D:4      | Noticed Dowan
  2070 | D:4      | Noticed Duvessa
  2205 | D:4      | Killed Duvessa
  2208 | D:4      | Killed Dowan
  2412 | D:5      | Entered Level 5 of the Dungeon
  2424 | D:5      | Found a staircase to the Ecumenical Temple.
  2440 | Temple   | Entered the Ecumenical Temple
  2544 | Temple   | Became a worshipper of Warmaster Okawaru
  2544 | Temple   | Reached * piety under Okawaru
  2544 | Temple   | Reached ** piety under Okawaru
  2684 | D:5      | Found a stormy altar of Qazlal.
  2806 | D:5      | Reached skill level 7 in Unarmed Combat
  3035 | D:5      | Found Tommax's Antique Weapon Shop.
  3431 | D:6      | Reached XP level 8. HP: 76/79 MP: 7/7
  3641 | D:6      | Reached skill level 8 in Unarmed Combat
  3645 | D:6      | Reached skill level 5 in Fighting
  3700 | D:6      | Reached *** piety under Okawaru
  3700 | D:6      | Reached skill level 5 in Dodging
  4256 | D:7      | Found Serr's General Store.
  4421 | D:7      | Reached XP level 9. HP: 88/88 MP: 8/8
  4735 | D:8      | Found a staircase to the Lair.
  4750 | D:8      | Reached **** piety under Okawaru
  4750 | D:8      | Reached skill level 9 in Unarmed Combat
  5257 | D:8      | Reached skill level 10 in Unarmed Combat
  5307 | D:8      | Reached ***** piety under Okawaru
  5475 | D:8      | Found a shattered altar of Ashenzari.
  5943 | D:9      | Reached XP level 10. HP: 81/100 MP: 9/9
  6140 | D:9      | Noticed Pikel
  6142 | D:9      | Reached skill level 11 in Unarmed Combat
  6159 | D:9      | Reached ****** piety under Okawaru
  6172 | D:9      | Killed Pikel
  6591 | D:10     | Entered Level 10 of the Dungeon
  6650 | D:10     | Received a gift from Okawaru
  6760 | D:10     | Found a staircase to the Orcish Mines.
  6786 | D:10     | Reached skill level 12 in Unarmed Combat
  6829 | D:10     | Noticed a two-headed ogre
  6836 | D:10     | Killed a two-headed ogre
  6836 | D:10     | Reached XP level 11. HP: 109/109 MP: 10/10
  6960 | D:10     | Noticed Psyche
  6979 | D:10     | Paralysed by something for 2 turns
  7150 | D:10     | Killed an unseen horror
  7252 | D:10     | Killed Psyche
  7453 | Lair:1   | Entered Level 1 of the Lair of Beasts
  7476 | Lair:1   | Noticed a five-headed hydra
  7990 | Lair:1   | Noticed Grum
  8015 | D:8      | Reached skill level 13 in Unarmed Combat
  8124 | D:8      | Received a gift from Okawaru
  8150 | D:8      | Identified a scroll of acquirement
  8150 | D:8      | Acquired a +4 ring of evasion
  8171 | Lair:1   | Killed Grum
  8219 | Lair:1   | Noticed Nergalle
  8229 | Lair:1   | Killed Nergalle
  8512 | Lair:1   | Noticed Maggie
  8525 | Lair:1   | Killed Maggie
  9553 | Lair:2   | Reached XP level 12. HP: 118/122 MP: 11/11
  9686 | Lair:2   | Received a gift from Okawaru
  9686 | Lair:2   | Reached skill level 14 in Unarmed Combat
  9759 | Lair:2   | Found a runed translucent gate.
  9759 | Lair:2   | Found a runed translucent gate.
  9759 | Lair:2   | Found a runed translucent gate.
  9762 | Lair:2   | Noticed a nine-headed hydra
  9762 | Lair:2   | Noticed Infinimo's ghost (journeyman TrBe)
  9763 | Lair:2   | Noticed a 13-headed hydra
  9877 | Lair:2   | Found a hole to the Spider Nest.
  9997 | Lair:2   | Found a staircase to the Swamp.
 10590 | Lair:3   | Received a gift from Okawaru
 11210 | Lair:3   | Found the +8 whip "Snakebite" {curare, rPois}
 11373 | Lair:4   | Noticed a six-headed hydra
 11390 | Lair:4   | Killed a six-headed hydra
 11464 | Lair:4   | Noticed a seven-headed hydra
 11471 | Lair:4   | Killed a seven-headed hydra
 11471 | Lair:4   | Reached skill level 15 in Unarmed Combat
 11994 | Lair:4   | Noticed a seven-headed hydra
 12031 | Lair:4   | Reached XP level 13. HP: 80/133 MP: 12/12
 12461 | Lair:4   | Found a runed translucent door.
 12589 | Lair:4   | Received a gift from Okawaru
 12953 | Lair:4   | Reached skill level 10 in Fighting
 12953 | Lair:4   | Reached skill level 10 in Dodging
 13485 | Lair:5   | Found a radiant altar of Vehumet.
 13832 | Lair:6   | Entered Level 6 of the Lair of Beasts
 13846 | Lair:6   | Slain by a black mamba

Illustrated notes

Levels and vault maps discovered:
D:1:      lemuel_arrival_funnel, layout_loops_cross
D:2:      minmay_wonky_spiral, layout_rooms
D:3:      layout_rooms, nicolae_ru_awakened_eye, hangedman_decor_push
D:4:      layout_rooms, serial_bayou_pond_d, uniq_duvessa
D:5:      layout_loops_ring, minmay_temple_entry_tees, serial_glass,
          glass_columns_a, glass_columns_a, due_unseen_surprise, serial_shops,
          kennysheep_mini_moat, nicolae_qazlal_general_emergency
D:6:      layout_rooms, kennysheep_small_circle
D:7:      cheibrodos_iron_armory, layout_cave_pools, serial_shops, shop
D:8:      cheibrodos_steamvent, layout_loops_corners, erik_lair_orcish_takeover,
          nicolae_ashenzari_panopticon
D:9:      layout_rooms, item_on_display_a, uniq_pikel
D:10:     layout_basic, david_orc_2, uniq_psyche
Temple:   dpeg_three_leaves_temple
Lair:1:   beast_lair_carwin_large_1, layout_hall_layers, uniq_nergalle,
          uniq_maggie, uniq_grum
Lair:2:   layout_misc_corridors, minmay_swamp_entry_worms,
          nicolae_spider_entry_non_spiders, gammafunk_ghost_hydra_chop,
          nicolae_lair_grove_arrangements, beast_lair_carwin_10
Lair:3:   minmay_guarded_unrand_snakebite, layout_cave_shapes, serial_bayou,
          serial_bayou_lagoon_a, serial_bayou_shore_a, serial_bayou_ford_a,
          serial_bayou_pond_e, infiniplex_staircase_pool_2
Lair:4:   gammafunk_lair_enchanted_lake, layout_cave_pods, special_room
          [special_room_mythical_zoo], roderic_batcave, minmay_holes
Lair:5:   layout_misc_corridors, basic_altar, cheibrodos_lair_caveside_slide,
          nicolae_lair_yak_garden
Lair:6:   grunt_lair_end_beastmaster, layout_misc_corridors, slime_altar_2,
          grunt_forest_stairs_basic, grunt_forest_small_clearings

Skill      XL: |  1  2  3  4  5  6  7  8  9 10 11 12 13 |
---------------+----------------------------------------+-----
Unarmed Combat | 4 5 6 7 8 10 12 13 15 | 15.9
Fighting       | 3 4 5 6 7 8 9 10 | 10.2
Dodging        | 3 4 5 6 7 8 9 10 | 10.2
Stealth        | |  1.0

Action                   |  1- 3 |  4- 6 |  7- 9 | 10-12 | 13-15 || total
-------------------------+-------+-------+-------+-------+-------++-------
Melee: Unarmed           |    96 |   127 |   367 |   640 |   173 ||  1403
       Punch             |     6 |     4 |    14 |    56 |    12 ||    92
Invok: Heroism           |       |       |     2 |       |       ||     2
Evoke: Wand              |       |       |       |    13 |     6 ||    19
  Use: Scroll            |       |       |    19 |     6 |     2 ||    27
       Potion            |       |       |     6 |     2 |       ||     8
 Stab: Sleeping          |     3 |     4 |     3 |     5 |     1 ||    16
       Invisible         |       |       |       |     5 |     2 ||     7
       Petrified         |       |       |       |       |     2 ||     2
Armor: Robe              |    35 |    36 |    99 |       |       ||   170
       Steam dragon scal |       |       |    18 |   197 |    50 ||   265
Dodge: Dodged            |    47 |    64 |   277 |   561 |   158 ||  1107

Table legend:
 A = Non-vault XP
 B = Vault XP
 C = Vault XP percentage of total XP
 D = Non-vault monster count
 E = Vault monster count
 F = Vault count percentage of total count
                 A         B        C        D         E       F
            +---------+---------+-------+---------+---------+-------
      Total |   31119 |   18384 |  37.1 |     328 |     101 |  23.5
            +---------+---------+-------+---------+---------+-------
        D:1 |      51 |       0 |   0.0 |      28 |       0 |   0.0
        D:2 |      79 |       5 |   6.0 |      23 |       3 |  11.5
        D:3 |     148 |       0 |   0.0 |      24 |       0 |   0.0
        D:4 |     556 |     220 |  28.4 |      20 |       2 |   9.1
        D:5 |     308 |       0 |   0.0 |       9 |       0 |   0.0
        D:6 |    1097 |      37 |   3.3 |      36 |       1 |   2.7
        D:7 |     326 |       0 |   0.0 |       7 |       0 |   0.0
        D:8 |    1179 |    1470 |  55.5 |      26 |      15 |  36.6
        D:9 |    3404 |     629 |  15.6 |      38 |       1 |   2.6
       D:10 |    4123 |     611 |  12.9 |      28 |       7 |  20.0
     Lair:1 |    4474 |    2097 |  31.9 |      26 |      10 |  27.8
     Lair:2 |    2496 |    2185 |  46.7 |      16 |      18 |  52.9
     Lair:3 |    5738 |    1394 |  19.5 |      23 |       7 |  23.3
     Lair:4 |    3758 |    7326 |  66.1 |      10 |      32 |  76.2
     Lair:5 |    3382 |    2410 |  41.6 |      14 |       5 |  26.3
            +---------+---------+-------+---------+---------+-------
